Cogmind - Beta 11.1 *** ADVENTURER MODE // 2022.10.12 @ 15:56:16 Player: yub Result: Destroyed by G-34 Mercenary with Small Laser Performance ------------- Evolutions (1) 500 Regions Visited (4) 800 Robots Destroyed (33) 165 Value Destroyed (945) 945 Prototype IDs (1) 20 Alien Tech Used (0) 0 Bonus (200) 200 TOTAL SCORE: 2630 Bonus ------- Entered Garrisons 200 Cogmind --------- Core Integrity 0/400 Matter 270/300 Energy 99/100 System Corruption 0% Temperature Cool (6) Movement Core (150) Ox2 Location -9/Garrison Parts ------- > --- POWER (1) -------- (None) > --- PROPULSION (2) --- (None) > --- UTILITY (4) ------ Small Storage Unit Visual Processing Unit Improved Propulsion Shielding Hacking Suite > --- WEAPON (2) ------- (None) > --- INVENTORY (8) ---- Improved Terrain Scanner Shield Generator Peak State ------------ > --- POWER ------------ Light Nuclear Core > --- PROPULSION ------- Aluminum Leg Improved Aluminum Leg > --- UTILITY ---------- Small Storage Unit Visual Processing Unit Sensor Array Improved Terrain Scanner > --- WEAPON ----------- Small Laser Improved Light Cannon > --- INVENTORY -------- Light Nuclear Core Light Nuclear Core Improved Propulsion Shielding Light Armor Plating Shield Generator Hacking Suite Hacking Suite Heavy Assault Rifle [Rating: 18] Favorites ----------- Power Ion Engine Engine Ion Engine Power Core Light Nuclear Core Propulsion Aluminum Leg Leg Aluminum Leg Utility Small Storage Unit Device Sensor Array Storage Small Storage Unit Processor Visual Processing Unit Hackware Hacking Suite Protection Light Armor Plating Weapon Medium Laser Energy Gun Medium Laser Ballistic Gun Light Assault Rifle Ballistic Cannon Improved Light Cannon Build | -11 -10 -9 -9 -9 ------- Run | Scr Mat Mat Sto Gar Slots Evolved 2 | . . 2 . . Power . | . . . . . Propulsion . | . . . . . Utility 2 | . . 2 . . Weapon . | . . . . . Parts Attached 32 | 7 5 8 8 4 Power 7 | 2 . 3 1 1 Engine 4 | 2 . 2 . . Core 3 | . . 1 1 1 Reactor . | . . . . . Propulsion 9 | 2 3 1 3 . Treads . | . . . . . Leg 9 | 2 3 1 3 . Wheel . | . . . . . Hover . | . . . . . Flight . | . . . . . Utility 8 | 1 1 2 1 3 Device 2 | . . 2 . . Storage 1 | 1 . . . . Processor 1 | . 1 . . . Hackware 2 | . . . 1 1 Protection 2 | . . . . 2 Artifact . | . . . . . Weapon 8 | 2 1 2 3 . Energy Gun 5 | 2 . 2 1 . Energy Cannon . | . . . . . Ballistic Gun 2 | . 1 . 1 . Ballistic Cannon 1 | . . . 1 . Launcher . | . . . . . Special Weapon . | . . . . . Impact Weapon . | . . . . . Slashing Weapon . | . . . . . Piercing Weapon . | . . . . . Special Melee Weapon . | . . . . . Unidentified Prototypes 1 | . . 1 . . Parts Lost 13 | . . . 4 9 Power 3 | . . . 1 2 Propulsion 2 | . . . . 2 Utility 3 | . . . . 3 Weapon 5 | . . . 3 2 Highest Loss Streak 9 | . . . 2 9 To Critical Strikes 1 | . . . . 1 Average Slot Usage (%) 95 | . 97 100 98 74 Engine 7 | . 14 9 . . Core 4 | . . 1 10 7 Leg 23 | . 28 22 22 14 Device 11 | . . 22 18 9 Storage 12 | . 14 11 11 11 Processor 11 | . 11 11 11 11 Hackware 1 | . . . 3 8 Energy Gun 10 | . 14 11 9 . Ballistic Gun 9 | . 14 11 3 5 Ballistic Cannon 3 | . . . 8 5 Naked Turns . | . . . . . Heaviest Build 18 | 13 13 17 18 18 Greatest Support 23 | 20 20 23 23 23 Greatest Overweight (x) 4 | 2 . . . 4 Average Overweight (x) . | . . . . . Largest Inventory Capacity 8 | 8 8 8 8 8 Average Capacity 7 | 7 8 8 8 8 Most Carried 8 | 6 7 8 8 6 Average Carried 5 | 2 3 4 7 5 Final Capacity 8 | 8 8 8 8 8 Final Carried 8 | 2 5 8 6 2 Class Distribution -------------------- 42% | Mutant 20% | Scavenger-Skirmisher 18% | Skirmisher 17% | Hacker-Mutant Dominant Class ---------------- Mutant | -10/Materials Skirmisher | -9/Materials Scavenger-Skirmisher | -9/Storage Hacker-Mutant | -9/Garrison Resources | -11 -10 -9 -9 -9 ----------- Run | Scr Mat Mat Sto Gar Matter Collected 682 | 221 119 111 231 . Remotely . | . . . . . Salvage Created 1054 | . 386 236 432 . Parts 73 | . 26 13 34 . Haulers Intercepted . | . . . . . Recyclers Shooed . | . . . . . Parts Field Recycled . | . . . . . Retrieved Matter . | . . . . . Parts Self-Destructed . | . . . . . Prevented . | . . . . . Kills | -11 -10 -9 -9 -9 ------- Run | Scr Mat Mat Sto Gar Combat Hostiles Destroyed 27 | . 8 3 16 . Guns 18 | . 7 3 8 . Cannons 8 | . . . 8 . Classes Destroyed 6 | . 3 2 1 . Tunneler 1 | . 1 . . . Recycler 1 | . . 1 . . Watcher 4 | . 2 . 2 . Swarmer 5 | . . . 5 . Grunt 18 | . 8 1 9 . Sentry 4 | . . 2 2 . Best Kill Streak 12 | . 4 2 12 . Combat Bots Only 11 | . 4 2 11 . Max Kills in Single Turn 1 | . 1 1 1 . Gunslinging . | . . . . . Exploded . | . . . . . Melee . | . . . . . Uniques/NPCs Destroyed . | . . . . . Combat | -11 -10 -9 -9 -9 -------- Run | Scr Mat Mat Sto Gar Damage Taken 1703 | . 292 204 406 801 Core 456 | . 50 57 54 295 Absorbed by Shields . | . . . . . Core Remaining (%) 90 | 100 80 . . . Volleys Fired 107 | . 45 20 37 5 Largest 2 | . 2 2 2 2 Hottest 79 | . 70 70 79 62 Shots Fired 210 | . 88 40 72 10 Gun 171 | . 88 40 38 5 Cannon 39 | . . . 34 5 Launcher . | . . . . . Special . | . . . . . Kinetic 118 | . 45 20 43 10 Thermal 92 | . 43 20 29 . Explosive . | . . . . . Electromagnetic . | . . . . . Robot Hit Streak 23 | . 17 8 23 21 Robot Miss Streak 3 | . 3 2 1 . Penetration Max . | . . . . . Secondary Targets 1 | . 1 . . . Max Gunslinging Chain 1 | . 1 . . . Shots Hit Robots 163 | . 64 29 60 10 Core Hits 64 | . 25 11 27 1 Critical Kills . | . . . . . Critical Parts Destroyed . | . . . . . Critical Strikes 3 | . 1 . 2 . Burn 2 | . 1 . 1 . Blast 1 | . . . 1 . Melee Attacks . | . . . . . Impact . | . . . . . Slashing . | . . . . . Piercing . | . . . . . Sneak Attacks . | . . . . . Combat Hostiles . | . . . . . Follow-up Attacks . | . . . . . Damage Inflicted 2155 | . 667 311 995 182 Guns 1456 | . 667 311 402 76 Cannons 699 | . . . 593 106 Explosions . | . . . . . Melee . | . . . . . Ramming . | . . . . . Kinetic 1261 | . 253 123 703 182 Thermal 894 | . 414 188 292 . Explosive . | . . . . . Electromagnetic . | . . . . . Impact . | . . . . . Slashing . | . . . . . Piercing . | . . . . . Highest Corruption . | . . . . . Average Corruption . | . . . . . Corruption Purged . | . . . . . Corruption Blocked . | . . . . . Overload Shots . | . . . . . Overflow Damage 10 | . . . 2 8 Projectiles 10 | . . . 2 8 Explosions . | . . . . . Melee . | . . . . . Knockbacks 9 | . . . 9 . Impact . | . . . . . Kinetic 8 | . . . 8 . Secondary 1 | . . . 1 . Self-Inflicted Damage . | . . . . . Shots . | . . . . . Rammed . | . . . . . Targets Rammed . | . . . . . Kicked . | . . . . . Crushed . | . . . . . Highest Temperature 316 | . 316 139 120 86 Average Temperature 66 | . 88 44 52 35 Received Heat Transfer 762 | . 216 87 117 342 Siege Activations . | . . . . . Robots Corrupted . | . . . . . Combat Hostiles . | . . . . . Parts Fried . | . . . . . Impact Corruptions . | . . . . . Robots Melted 1 | . 1 . . . Combat Hostiles 1 | . 1 . . . Parts Melted 2 | . 2 . . . Heat Transferred 2610 | . 1295 555 760 . Parts Sabotaged . | . . . . . Parts Stolen . | . . . . . Parts Stripped . | . . . . . Power Chain Reactions . | . . . . . Missiles Intercepted . | . . . . . Alert | -11 -10 -9 -9 -9 ------- Run | Scr Mat Mat Sto Gar Peak Influence 369 | . 369 272 342 309 Initial 194 | . . 132 97 194 Average 188 | . 200 208 176 249 Maximum Alert Level 1 | . 1 1 1 1 Low Security (%) 49 | 100 44 32 67 23 Level 1 50 | . 55 67 32 76 Level 2 . | . . . . . Level 3 . | . . . . . Level 4 . | . . . . . Level 5 . | . . . . . High Security . | . . . . . Max Security . | . . . . . Squads Dispatched 10 | . 3 1 6 . Investigation 5 | . 3 . 2 . Extermination . | . . . . . Reinforcement 3 | . . 1 2 . Assault . | . . . . . Garrison 2 | . . . 2 . Intercept . | . . . . . Searches Triggered . | . . . . . Construction Impeded 1 | . . . 1 . Haulers Reinforced . | . . . . . Active Scanning Responses . | . . . . . Cargo Convoy Interrupts . | . . . . . Stealth | -11 -10 -9 -9 -9 --------- Run | Scr Mat Mat Sto Gar Distress Signals 5 | . 2 1 2 . Communications Jammed . | . . . . . Distress Signals . | . . . . . Times Spotted 57 | . 19 5 22 11 Peak Tracking Total 14 | . 4 3 7 14 Tactical Retreats 3 | . 3 . . . Traps | -11 -10 -9 -9 -9 ------- Run | Scr Mat Mat Sto Gar Traps Triggered 2 | . 1 . 1 . Indirectly . | . . . . . Trap Hack Attempts . | . . . . . Triggered . | . . . . . Disarmed . | . . . . . Reprogrammed . | . . . . . Reused . | . . . . . Traps Extracted . | . . . . . Installed . | . . . . . Triggered . | . . . . . Machines | -11 -10 -9 -9 -9 ---------- Run | Scr Mat Mat Sto Gar Machines Disabled . | . . . . . Max in Single Turn . | . . . . . Machines Sabotaged . | . . . . . Garrisons Compromised . | . . . . . Overloaded Fab Kills . | . . . . . Hacking | -11 -10 -9 -9 -9 --------- Run | Scr Mat Mat Sto Gar Machines Accessed 7 | . 3 2 2 . Terminals 4 | . 2 1 1 . Fabricators . | . . . . . Repair Stations . | . . . . . Recycling Units 2 | . 1 1 . . Scanalyzers . | . . . . . Garrison Access 1 | . . . 1 . Total Hacks 15 | . 9 2 4 . Successful 5 | . 2 1 2 . Failed 10 | . 7 1 2 . Catastrophic 2 | . 2 . . . Database Lockouts . | . . . . . Manual 1 | . . 1 . . Terminals 10 | . 6 1 3 . Fabricators . | . . . . . Repair Stations . | . . . . . Recycling Units 4 | . 3 1 . . Scanalyzers . | . . . . . Garrison Access 1 | . . . 1 . Terminal Hacks 2 | . 1 . 1 . Unreport Threat 1 | . . . 1 . Zone Layout 1 | . 1 . . . Fabricator Hacks . | . . . . . Repair Station Hacks . | . . . . . Recycling Unit Hacks 2 | . 1 1 . . Retrieve Components 2 | . 1 1 . . Scanalyzer . | . . . . . Garrison Access Hacks 1 | . . . 1 . Unlock Access 1 | . . . 1 . Unauthorized Hacks . | . . . . . Terminals . | . . . . . Fabricators . | . . . . . Repair Stations . | . . . . . Recycling Units . | . . . . . Scanalyzers . | . . . . . Garrison Access . | . . . . . Data Cores Recovered . | . . . . . Used . | . . . . . Hacking Detections 4 | . 3 . 1 . Full Trace Events 4 | . 3 . 1 . Feedback Events . | . . . . . Feedback Blocked . | . . . . . Robot Schematics Acquired . | . . . . . Robots Built . | . . . . . Authchips . | . . . . . Time . | . . . . . Total Robot Build Rating . | . . . . . Part Schematics Acquired . | . . . . . Parts Built . | . . . . . Authchips . | . . . . . Time . | . . . . . Total Part Build Rating . | . . . . . Parts Repaired . | . . . . . Time . | . . . . . Parts Recycled . | . . . . . Recycled Matter . | . . . . . Retrieved Matter . | . . . . . Retrieved Components 3 | . . 3 . . Parts Scanalyzed . | . . . . . Part Schematics Acquired . | . . . . . Parts Damaged . | . . . . . Bothacking | -11 -10 -9 -9 -9 ------------ Run | Scr Mat Mat Sto Gar Used RIF Installer . | . . . . . Robots Hacked . | . . . . . Non-combat . | . . . . . Combat . | . . . . . Robot Hacks Applied . | . . . . . Relay Couplers Released . | . . . . . Fabnet Peak Effective % . | . . . . . Robots Rewired . | . . . . . Allies Hacked . | . . . . . Hacks Repelled . | . . . . . Allies | -11 -10 -9 -9 -9 -------- Run | Scr Mat Mat Sto Gar Total Allies . | . . . . . Largest Group . | . . . . . Highest-Rated Group . | . . . . . Highest-Rated Ally . | . . . . . Total Orders . | . . . . . Ally Attacks . | . . . . . Total Damage . | . . . . . Kills . | . . . . . Allies Corrupted . | . . . . . Allies Melted . | . . . . . Intel | -11 -10 -9 -9 -9 ------- Run | Scr Mat Mat Sto Gar Robot Analysis Total . | . . . . . Derelict Logs Recovered . | . . . . . Drone Launches . | . . . . . Drone Recoveries . | . . . . . Exploration | -11 -10 -9 -9 -9 ------------- Run | Scr Mat Mat Sto Gar Turns Passed 1069 | 66 371 231 289 112 Spaces Moved 514 | 39 163 125 119 68 Core 28 | 19 . . . 9 Treads . | . . . . . Legs 486 | 20 163 125 119 59 Wheels . | . . . . . Hover . | . . . . . Flight . | . . . . . Fastest Speed 50 | 50 120 120 120 100 Average Speed 122 | 126 120 120 120 131 Slowest Speed 250 | 150 120 120 120 250 Overloaded Moves . | . . . . . Propulsion Burnouts . | . . . . . Robots Hopped . | . . . . . Cave-ins Triggered . | . . . . . Exploration Rate (%) 21 | 3 34 16 25 28 Regions Visited 4 Branch Regions 1 Pre-discovered Areas . | . . . . . Known Exits Taken 1 | . . . 1 . Unknown Exits Taken 3 | 1 1 1 . . Scrap Searched . | . . . . . Spaces Dug . | . . . . . Terrain Destroyed 1 | . . . 1 . Melee . | . . . . . Projectile 1 | . . . 1 . AOE . | . . . . . Terrain Rammed . | . . . . . Walls Destroyed . | . . . . . Machines Disabled . | . . . . . Actions | -11 -10 -9 -9 -9 --------- Run | Scr Mat Mat Sto Gar Total 759 | 55 259 171 193 81 Wait 65 | 2 35 . 24 4 Move 511 | 38 162 124 119 68 Hop . | . . . . . Pick Up 30 | 8 8 12 2 . Fast Attach 1 | . . . 1 . Attach 17 | 6 1 3 3 4 Detach . | . . . . . Swap 14 | 1 4 5 4 . Drop 14 | . 4 7 3 . Fire 107 | . 45 20 37 5 Melee . | . . . . . Ram . | . . . . . Kick . | . . . . . Crush . | . . . . . Escape Stasis . | . . . . . Rewire . | . . . . . Trap . | . . . . . Miscellaneous . | . . . . . Route ------- -11/Scrapyard -10/Materials -9/Materials -9/Storage -9/Garrison History --------- Turn | Location | Event 2 | -11/Scrapyard | Met Revision 17 21 | -11/Scrapyard | Discovered new exit (range 16) 67 | -11/Scrapyard | Entered Materials 306 | -10/Materials | Build established: Mutant 404 | -10/Materials | Discovered new exit (range 18) 438 | -10/Materials | Entered another Materials area 438 | -9/Materials | Evolved 2 slots: Utility x2 663 | -9/Materials | Discovered new exit (range 5) 669 | -9/Materials | Entered Storage 813 | -9/Storage | Garrison activated, responded to threat 958 | -9/Storage | Identified exit to Garrison 958 | -9/Storage | Entered Garrison 966 | -9/Garrison | Destroyed 11 combat bots 984 | -9/Garrison | Triggered checkpoint 1022 | -9/Garrison | Core integrity fell below 50% 1042 | -9/Garrison | Triggered checkpoint 1043 | -9/Garrison | Triggered checkpoint 1045 | -9/Garrison | Triggered checkpoint 1062 | -9/Garrison | Triggered checkpoint 1062 | -9/Garrison | Core integrity fell below 20% 1070 | -9/Garrison | Destroyed by G-34 Mercenary with Small Laser Last Messages --------------- 01008_ Critical hit (Burn: +37). 01011_ Imp. Light Cannon destroyed. 01011_ Critical hit (Destroy). 01011_ Hvy. Assault Rifle destroyed. 01024_ Imp. Aluminum Leg destroyed. 01024_ Critical hit (Burn: +37). 01027_ Lgt. Nuclear Core destroyed. 01030_ Hacking Suite destroyed. 01032_ Y-45 Defender heat spikes uncontrollably. 01033_ Y-45 Defender heat damages Heat Sink, Lgt. Treads, Lgt. Treads. 01042_ Beams of light sweep through the air. An alarm sounds. 01043_ C-30 ARC bursts open, deploying its payload. 01043_ S-10 Pest unfolds itself. 01043_ Beams of light sweep through the air. An alarm sounds. 01049_ Aluminum Leg destroyed. 01055_ Sensor Array destroyed. 01060_ Lgt. Armor Plating destroyed. 01061_ Critical hit (Burn: +37). 01062_ Beams of light sweep through the air. An alarm sounds. 01067_ Lgt. Nuclear Core destroyed. Map ----- +----------------------------------------------------+ | ?????????????????????????????????????????????????? | | ?????????????????????????????????????????????????? | | ?????????????????????????????????????????????????? | | ?????????????????????????????????????????????????? | | ?????????????????????????????????????????????????? | | ?????????????????????????????????????????????????? | | # ##???????????????????????????????????????????? | | #???????????????????????????????????????????? | | #???????????????????????????????????????????? | | ####?????????????????????????????????????????????? | | ?????????????????????????????????????????????????? | | ?????????????????????????????????????????????????? | | ############?????????????????????????????????????? | | #?????????????????????????????????????? | | #?????????????????????????????????????? | | #?????????????????????????????????????? | | ######## #?????????????????????????????????????? | | ???????# #?????????????????????????????????????? | | ???????# #?????????????????????????????????????? | | ???????# #?????????????????????????????????????? | | ???????# #######???????????????????????????????? | | ???????# ##C%" #???????????????????????????????? | | ???????# Y## ######?????????#????????????????? | | ???????# s g ######## #????????????????? | | ???????# g #????????????????? | | ???????# Y s g @ #????????????????? | | ???????# ## s## ###########????????????????? | | ???????# ## ## #??????????????????????????? | | ?????? ??????????????????????????? | | ?????# ??????????????????????????? | | ?????# ??????????????????????????? | | ?????# ??????????????????????????? | | ?????### ## ## ##?????????????????????????? | | ???????# ## ## #??????????????????????????? | | ?????? ?????????????????????????? | | ????? ????????????????????????? | | ????#### ????????????????????????? | | ???????## ## #########???????????????????????? | | ????????# ?# #???????????????????????????????? | | ????????# ?######???????????????????????????????? | | ????????? ??????????????????????????????????????? | | ?????????????????????????????????????????????????? | | ?????????????????????????????????????????????????? | | ?????????????????????????????????????????????????? | | ?????????????????????????????????????????????????? | | ?????????????????????????????????????????????????? | | ?????????????????????????????????????????????????? | | ?????????????????????????????????????????????????? | | ?????????????????????????????????????????????????? | | ?????????????????????????????????????????????????? | +----------------------------------------------------+ Best States ------------- Heat Dissipation 28 Energy Generation 14 Energy Capacity 265 Matter Stores 300 Matter Capacity 300 Sight Range 18 Robot Scan Range 14 Terrain Scan Range 16 Terrain Scan Density 10 Armor Coverage 150 Resistance: KI 20 Resistance: TH 20 Resistance: EX 20 Resistance: EM 20 Resistance: I 20 Resistance: S 20 Resistance: P 20 Propulsion Shielding 66 Evasion (%) 55 Offensive Hacking 20 Item Schematics ----------------- None Robot Schematics ------------------ None Fabricated ------------ Nothing Alien Tech Used ----------------- None Achievements -------------- None Challenges ------------ None Game ------ Seed ChainNullTreads Manual? 0 Play Time 00:16:26 Cumulative 50.8 hours Start 2022.10.12 @ 15:37:25 End 2022.10.12 @ 15:56:16 Sessions 1 Manual Loads 0 Difficulty Adventurer Special Mode None Game No. 61 Rogue 17 Adventurer 44 Explorer 0 Win Type - Total 0 Types 0/0/0/0/0/0/0/0/0 Lore% 26 Gallery% 47 Achievement% 40 Wizard Run 0 Options --------- ASCII 0 Keyboard 0 Movement Mouse Keybinds 0 Fullscreen 1 Font 24/Proggy Map View 76x50 Tactical HUD 1 Map Filters NONE Filters NONE Steam 1 RUN: 7745e92e-09c5-4a0c-91c3-cbb84baf0f65